 Dungeon Crawl Stone Soup version 0.25-a0-663-gace7076f2c (webtiles) character file.

Game seed: 6265003233889886214, levelgen mode: deterministic

1007 Lauz the Carver (level 8, -1/68 HPs)
             Began as a Minotaur Fighter on Mar 24, 2020.
             Slain by an orc warrior
             ... wielding a +0 halberd
              (17 damage)
             ... in a bailey.
             The game lasted 00:11:19 (5304 turns).

Lauz the Carver (Minotaur Fighter)                  Turns: 5304, Time: 00:11:19

Health: -1/68      AC:  7    Str: 23    XL:     8   Next: 0%
Magic:  8/8        EV:  9    Int:  5    God:
Gold:   343        SH: 10    Dex: 15    Spells: 9/9 levels left

rFire    . . .     SeeInvis .   a - +1 long sword
rCold    . . .     Gourm    .   c - +0 kite shield
rNeg     . . .     Faith    .   b - +0 scale mail
rPois    +         Spirit   .   (helmet restricted)
rElec    .         Reflect  .   (no cloak)
rCorr    .         Harm     .   (no gloves)
MR       .....                  (no boots)
Stlth    ..........             (no amulet)
HPRegen  0.21/turn              u - ring of poison resistance
MPRegen  0.11/turn              x - +5 ring of dexterity

@: mighty
A: retaliatory headbutt, horns 2
a: no special abilities


You were in a bailey.
You were hungry.

You visited 1 branch of the dungeon, and saw 7 of its levels.
You also visited: Bailey.

You collected 343 gold pieces.

Inventory:

Hand Weapons
 a - a +1 long sword (weapon)
Armour
 b - a +0 scale mail (worn)
 c - a +0 kite shield (worn)
 v - a +0 ring mail
Jewellery
 p - an uncursed ring of positive energy
 s - an uncursed ring of see invisible
 u - a ring of poison resistance (left hand)
 w - an uncursed amulet of guardian spirit {unknown}
 x - a +5 ring of dexterity (right hand)
Scrolls
 i - 5 scrolls of remove curse
 l - 2 scrolls of teleportation
 n - a scroll of identify
 o - 2 scrolls of enchant weapon
Potions
 d - a potion of might
 e - a potion of resistance
 h - 2 potions of curing
 j - 2 potions of flight {unknown}
 m - 2 potions of stabbing
 q - 2 potions of degeneration
 t - a potion of lignification {unknown}
 z - 2 potions of ambrosia {unknown}
Comestibles
 f - 12 rations


   Skills:
 + Level 5.0 Fighting
 * Level 8.3 Long Blades
 + Level 5.6 Armour
 - Level 1.6 Dodging
 + Level 5.5 Shields
 - Level 1.0 Spellcasting


You had 9 spell levels left.
You didn't know any spells.
Your spell library was empty.

Dungeon Overview and Level Annotations

Branches:
Dungeon (7/15)             Bailey (1/1)
 Temple: D:4-7

Altars:
Ashenzari
Dithmenos
Elyvilon
Fedhas
Gozag
Kikubaaqudgha
Ru
Sif Muna
Yredelemnul
The Shining One


Innate Abilities, Weirdness & Mutations

You reflexively headbutt those who attack you in melee.
You have a pair of horns on your head.


Message History

a +0 war axe; an orc corpse You slash the orc!
You kill the orc!
The orc barely misses you.
The orc hits you from afar with a +0 spear.
It was a potion of curing.
You feel better. You block the orc's attack.
The orc hits you but does no damage.
You feel very mighty all of a sudden. You block the orc's attack.
The orc hits you from afar with a +0 spear.
Your magical contamination has completely faded away.
Unknown command.
The orc warrior hits you with a +0 halberd!
The orc hits you with a +0 trident!
* * * LOW HITPOINT WARNING * * *
You block the orc's attack. x2; The orc closely misses you.
The orc hits you but does no damage.
Your shield prevents you from hitting the orc warrior.
The orc warrior hits you with a +0 halberd!
You die...

#######
##..∩..##
#.......#
#∩.....∩#
#.).....#
#.@o....#
#oooo)..#
#o.))...#
#.......#
#.......#
#.......#
#.......#
##.....##
###+###


You could see an orc warrior and 5 orcs.

Vanquished Creatures
  Menkaure (D:6)
  The ghost of StormphoenixUK the Chopper, an amateur DsBe of Trog (D:3)
  A bullfrog (D:6)
  A scorpion (D:6)
  2 howler monkeys
  3 crimson imps (D:5)
  A bullfrog zombie (D:6)
  3 hounds
  An orc wizard (D:6)
  2 iguanas (D:4)
  A hound skeleton (D:4)
  3 gnolls (D:4)
  10 adders
  A shadow imp (D:6)
  An ooze (D:5)
  4 worms
  6 dart slugs
  7 leopard geckos
  12 orcs
  5 giant cockroaches
  15 goblins
  12 hobgoblins
  9 jackals
  7 kobolds
  3 quokkas
  2 ball pythons
  5 bats
  6 frilled lizards
  A jackal skeleton (D:5)
  5 rats
131 creatures vanquished.

Vanquished Creatures (others)
  3 withered plants (D:4)
3 creatures vanquished.

Grand Total: 134 creatures vanquished

Notes
Turn   | Place    | Note
-------+----------+-------------------------------------------
     0 | D:1      | Lauz the Minotaur Fighter began the quest for the Orb.
     0 | D:1      | Reached XP level 1. HP: 19/19 MP: 0/0
   114 | D:1      | Reached XP level 2. HP: 26/27 MP: 1/1
   164 | D:1      | Reached skill level 3 in Long Blades
   327 | D:1      | Reached XP level 3. HP: 30/33 MP: 2/2
   880 | D:2      | Reached XP level 4. HP: 40/40 MP: 3/3
   885 | D:2      | Reached skill level 4 in Long Blades
  1545 | D:3      | Found a runed translucent door.
  1674 | D:3      | Found a shimmering blue altar of Sif Muna.
  1837 | D:3      | Noticed StormphoenixUK's ghost (amateur DsBe)
  1960 | D:3      | Reached XP level 5. HP: 35/46 MP: 5/5
  2081 | D:3      | Found an opulent altar of Gozag.
  2450 | D:4      | Reached skill level 1 in Spellcasting
  2558 | D:4      | Found a blossoming altar of Fedhas.
  2559 | D:4      | Found a white marble altar of Elyvilon.
  2564 | D:4      | Reached skill level 5 in Long Blades
  2576 | D:4      | Reached skill level 1 in Dodging
  2859 | D:4      | Noticed an ogre
  3012 | D:3      | Killed StormphoenixUK's ghost
  3012 | D:3      | Reached XP level 6. HP: 8/53 MP: 6/6
  3355 | D:4      | Found a basalt altar of Yredelemnul.
  3525 | D:4      | Found an ancient bone altar of Kikubaaqudgha.
  3571 | D:5      | Entered Level 5 of the Dungeon
  3683 | D:5      | Found a shattered altar of Ashenzari.
  3696 | D:5      | Reached skill level 6 in Long Blades
  3897 | D:5      | Reached skill level 5 in Armour
  3908 | D:5      | Reached XP level 7. HP: 60/60 MP: 7/7
  3916 | D:5      | Reached skill level 5 in Shields
  3951 | D:5      | Found a sacrificial altar of Ru.
  4023 | D:5      | Found a shadowy altar of Dithmenos.
  4422 | D:6      | Noticed Menkaure
  4428 | D:6      | Killed Menkaure
  4428 | D:6      | Reached skill level 7 in Long Blades
  4796 | D:6      | Found a glowing golden altar of the Shining One.
  5017 | D:6      | Reached skill level 5 in Fighting
  5017 | D:6      | Reached skill level 8 in Long Blades
  5275 | D:7      | Found a flagged portal.
  5283 | Bailey   | Entered a bailey
  5292 | Bailey   | Reached XP level 8. HP: 68/68 MP: 8/8
  5304 | Bailey   | Slain by an orc warrior

Levels and vault maps discovered:
D:1:      minmay_arrival_checkered_box, layout_loops_ring
D:2:      layout_loops_ring, serial_aquarium, aquarium_bridge_straight
          [aquarium_subvault_bridge, aquarium_subvault_window,
          aquarium_subvault_bridge, aquarium_subvault_wall],
          aquarium_bridge_straight [aquarium_subvault_bridge,
          aquarium_subvault_wall, aquarium_subvault_bridge,
          aquarium_subvault_wall], aquarium_window_2, aquarium_window_fake,
          aquarium_view_2d, aquarium_view_2c, aquarium_balcony_3a
D:3:      layout_basic, led_sif_pool, grunt_gozag_statues,
          ebering_ghost_reflecting_pool, first_ration
D:4:      layout_layer_cave, yredelemnul_altar_generic,
          grunt_temple_overflow_open, lemuel_doored_altar, minmay_goblin_outpost
D:5:      layout_basic, marbit_many_paths, kennysheep_mini_moat,
          cheibrodos_ashenzari_chains
D:6:      layout_loops_corners, tso_metal_star, uniq_menkaure
D:7:      layout_basic, minmay_temple_entry_overgrown, enter_bailey_2,
          serial_shops, shop, uniq_pikel
Bailey:   bailey_polearm_5, bailey

Skill      XL: |  1  2  3  4  5  6  7 |
---------------+----------------------+-----
Long Blades    | 3 4 5 6 8 |  8.3
Armour         | 4 5 |  5.6
Shields        | 4 5 |  5.5
Fighting       | 4 5 |  5.0
Spellcasting   | 1 |  1.0
Dodging        | 1 |  1.6

Action                   |  1- 3 |  4- 6 |  7- 9 || total
-------------------------+-------+-------+-------++-------
Melee: Long sword        |    73 |   211 |    64 ||   348
       Headbutt          |     9 |    37 |    17 ||    63
  Use: Scroll            |       |     2 |     8 ||    10
       Potion            |       |       |     2 ||     2
  Eat: Ration            |       |     1 |       ||     1
       Chunk             |       |     7 |     3 ||    10
Armor: Scale mail        |    28 |    94 |    24 ||   146
Dodge: Dodged            |    18 |    71 |    23 ||   112
Block: Kite shield       |    41 |   134 |    47 ||   222
       Rpst.: Long sword |     4 |    17 |     4 ||    25

Table legend:
 A = Non-vault XP
 B = Vault XP
 C = Vault XP percentage of total XP
 D = Non-vault monster count
 E = Vault monster count
 F = Vault count percentage of total count
                 A         B        C        D         E       F
            +---------+---------+-------+---------+---------+-------
      Total |    1100 |     339 |  23.6 |     114 |      17 |  13.0
            +---------+---------+-------+---------+---------+-------
        D:1 |      57 |       0 |   0.0 |      28 |       0 |   0.0
        D:2 |      98 |       0 |   0.0 |      24 |       0 |   0.0
        D:3 |      47 |     121 |  72.0 |      19 |       1 |   5.0
        D:4 |     171 |      15 |   8.1 |      12 |       8 |  40.0
        D:5 |     309 |       2 |   0.6 |      18 |       1 |   5.3
        D:6 |     418 |     183 |  30.4 |      13 |       1 |   7.1
     Bailey |       0 |      18 | 100.0 |       0 |       6 | 100.0
            +---------+---------+-------+---------+---------+-------
